[Event "101st Irish Championship 2022"]
[Site "Dublin"]
[Date "2022.07.07"]
[Round "6.1"]
[White "O`Gorman, Tom"]
[Black "Kanyamarala, Tarun"]
[Result "1/2-1/2"]
[ECO "E36"]
[WhiteElo "2401"]
[BlackElo "2379"]
[Annotator "TA"]
[PlyCount "195"]
[EventDate "2022.07.05"]
[EventType "swiss"]
[EventCountry "IRL"]
[SourceTitle "playchess.com"]
[Source "ChessBase"]
[SourceQuality "1"]
[TimeControl "40/6300+30:1800+30"]

1. d4 Nf6 2. c4 e6 3. Nc3 Bb4 4. Qc2 d5 5. a3 Bxc3+ 6. Qxc3 O-O 7. e3 b6 8. Nf3 Ba6 9. b3 c5 10. Be2 cxd4 (10... dxc4 {with more complications.} 11. bxc4 cxd4 12. Nxd4 Ne4) 11. exd4 Nc6 12. O-O (12. Bb2 $11) 12... Rc8 $1 $17 13. a4 dxc4 14. bxc4 Na5 15. Ne5 Ne4 16. Qe3 Nd6 17. Ba3 Nf5 (17... Bxc4 $17 18. Rfc1 Nf5) 18. Qh3 $1 $11 Qxd4 19. Nf3 (19. Bxf8 $2 Qxe5 20. Bxg7 Qxg7 $19) 19... Qf4 20. g3 Qc7 21. Bxf8 ({Avoid the trap} 21. Ng5 $2 h6 22. Bxf8 Nd4 $19) 21... Rxf8 22. Rfd1 (22. Ng5 h6 23. Nf3 Nb3 $15) 22... Bb7 23. g4 ({Much weaker is} 23. Ng5 h6 24. Nf3 Nb3 $17) 23... Ne7 24. Qg3 Qc8 25. Nd4 Ng6 26. Rac1 e5 27. Nf5 $1 Qc6 $1 28. f3 (28. Rd5 $11) 28... Qxa4 (28... Qc7 $15) 29. Bd3 (29. Qf2 $11) 29... Nb3 (29... Nf4 $17 {Threatens to win with ...Nb3.} 30. Qe1 Qe8) 30. Rc2 (30. Rb1 $15 Na5 31. Qf2) 30... Nc5 $17 31. Rcd2 Nxd3 32. Rxd3 Qxc4 (32... Nf4 $1 $17 {[%cal Rf4e2] And now ...Ne2+ would win.} 33. Rd8 (33. Ne7+ $2 Kh8 $17) 33... Qxd1+ $3 34. Rxd1 Ne2+ 35. Kg2 Nxg3 36. Kxg3 Ba6 37. Ne7+ Kh8) 33. Rd8 (33. Qe1 $1 $11) 33... Qc7 $1 $17 34. R8d7 {[%emt 0:04:38] [#]} Qc5+ $1 35. Qf2 Bxf3 $1 36. Qxc5 bxc5 37. Rc1 $1 Bxg4 38. Ne7+ Nxe7 39. Rxe7 Be2 (39... Be6 $15 40. Rxc5 Ra8 41. Rxe5 Kf8) 40. Rxc5 $11 a6 41. Rexe5 Bb5 42. Re7 g6 43. h4 Rd8 44. h5 Kg7 45. Rcc7 Be8 46. Ra7 Kf6 47. Rec7 Kg5 48. hxg6 hxg6 49. Rxa6 Rd5 50. Re7 Bb5 51. Ra5 f5 52. Re1 Bc6 53. Rxd5 Bxd5 54. Re5 Be4 55. Re6 Kh5 56. Kf2 g5 57. Re8 Kg4 58. Rg8 Kf4 59. Kg1 Bd5 60. Rd8 Bf3 61. Rg8 Bh5 62. Kf2 Kg4 63. Kg2 f4 64. Kf2 Bf7 65. Rf8 Bd5 66. Rd8 Be4 67. Rg8 Bd3 68. Kg1 Kh4 69. Rf8 (69. Rd8 $11 Bb5 70. Rc8) 69... Kg3 $17 70. Rf7 Kf3 (70... g4 $17 71. Rf6 Bc4) 71. Rf8 g4 72. Rf7 (72. Ra8 $11 {remains equal.}) 72... Ke3 ({Better is} 72... Kg3 $17 73. Rf6 Be4) 73. Kg2 (73. Re7+ $11 Be4 74. Rf7) 73... Be4+ (73... Bg6 $17 74. Re7+ Be4+ 75. Kf1 g3) 74. Kg1 $1 $11 g3 75. Rg7 $1 Bd5 76. Rg5 Be4 (76... Ke4 $5) 77. Rg8 {[%emt 0:00:26] [#]} (77. Rg7 $1 $11) 77... Ke2 (77... Kf3 $1 $17 78. Kf1 Bd5) 78. Re8 (78. Rxg3 $1 $11 fxg3) 78... Kf3 $17 79. Rg8 Ke3 (79... Bc6 $17 80. Rc8 Bb5) 80. Rg7 $11 Bc6 81. Rg6 Bd5 (81... Bd7 $5) 82. Rg5 Bc4 (82... Ke4 $5) 83. Re5+ (83. Kg2 $11) 83... Kf3 $17 84. Rg5 Bd3 85. Rg8 Be2 86. Rg7 Ke3 (86... Bd1 $17 87. Ra7 Bc2) 87. Re7+ $11 Kf3 ({Black should try} 87... Kd2 $11) 88. Rg7 $17 Bd3 89. Rg8 $1 Ke3 (89... Bc2 $17 90. Re8 Bd3 91. Rg8) 90. Rg7 $11 Bc4 (90... Ke4 $5) 91. Re7+ (91. Kg2 $11) 91... Kf3 $17 92. Rg7 Bd5 (92... Bb3 $17 93. Re7 Ba2) 93. Rg5 (93. Rc7 $1 $11) 93... Be4 94. Rg8 $1 Ke3 (94... Bd3 $17 95. Re8 Bc4) 95. Rg7 $11 g2 96. Rf7 f3 97. Rf8 Ke2 98. Rf6 1/2-1/2

[Event "101st Irish Championship 2022"]
[Site "Dublin"]
[Date "2022.07.07"]
[Round "6.2"]
[White "Baburin, Alexander"]
[Black "O`Donnell, Conor"]
[Result "1/2-1/2"]
[ECO "E11"]
[WhiteElo "2400"]
[BlackElo "2269"]
[Annotator "TA"]
[PlyCount "53"]
[EventDate "2022.07.05"]
[EventType "swiss"]
[EventCountry "IRL"]
[SourceTitle "playchess.com"]
[Source "ChessBase"]
[SourceQuality "1"]
[TimeControl "40/6300+30:1800+30"]

1. d4 Nf6 2. c4 e6 3. g3 d5 4. Nf3 Bb4+ 5. Bd2 Be7 6. Bg2 c6 7. Qc2 b6 {[%emt 0:01:45] E11: Bogo-Indian.} 8. O-O Nbd7 9. Rd1 Bb7 {[%emt 0:01:44] 9...0-0 is not played anymore.} 10. Be1 O-O 11. Nbd2 Rc8 12. e4 c5 {[%emt 0:11:35][%cal Rd5e4] [#]} 13. exd5 $146 (13. e5 {seems wilder.} Ne4 14. cxd5 Nxd2 15. Qxd2 Bxd5 16. Qe2) ({Predecessor:} 13. e5 Ne8 14. cxd5 Bxd5 15. Rac1 Nc7 16. dxc5 Na6 17. a3 Rxc5 18. Qd3 Rxc1 19. Rxc1 {0-1 (56) Bures,J (2376)-Krejci,J (2496) Ricany 2016}) 13... exd5 14. Rac1 dxc4 (14... Re8 $15) 15. Nxc4 $11 cxd4 16. Nxd4 Bxg2 17. Kxg2 Re8 18. Qd3 Qc7 19. Qf3 a6 20. a4 Bf8 21. b4 Ne4 {[%emt 0:04:34] [#]} (21... Ne5 $11 22. Nxe5 Qxe5 23. Rxc8 Rxc8) 22. b5 (22. Nxb6 $1 $16 Qxb6 23. Rxc8 Rxc8 24. Qxe4) 22... axb5 23. axb5 Ndf6 (23... Ne5 $11 24. Nxe5 Qxe5 25. Rxc8 Rxc8) 24. Nc6 $14 Ra8 25. Rc2 h6 26. Ne3 {[%emt 0:02:07] White is more active.} (26. Bd2 $16) 26... Ra3 $11 27. Qf5 {[%emt 0:08:35] Weighted Error Value: White=0.26 (precise) /Black=0.20 (precise)} 1/2-1/2

[Event "101st Irish Championship 2022"]
[Site "Dublin"]
[Date "2022.07.07"]
[Round "6.3"]
[White "O`cuilleanain, Oisin"]
[Black "Daly, Colm"]
[Result "1-0"]
[ECO "E80"]
[WhiteElo "1936"]
[BlackElo "2190"]
[Annotator "RC"]
[PlyCount "131"]
[EventDate "2022.07.05"]
[EventType "swiss"]
[EventCountry "IRL"]
[SourceTitle "playchess.com"]
[Source "ChessBase"]
[SourceQuality "1"]
[TimeControl "40/6300+30:1800+30"]

1. d4 Nf6 2. c4 g6 3. f3 d6 4. e4 Bg7 5. Nc3 c6 6. Be3 a6 7. a4 a5 8. Nge2 Na6 9. Qd2 Nb4 10. Nc1 e5 11. d5 Nd7 12. Nd3 O-O 13. Nxb4 axb4 14. Nd1 c5 15. Nf2 f5 16. Bh6 Bxh6 17. Qxh6 f4 18. g4 Kh8 19. g5 Rf7 20. Ng4 b3 21. Be2 Qf8 22. Kf2 Qxh6 23. Nxh6 Rf8 24. Bd1 Nb6 25. Bxb3 Ra5 26. Rhc1 Kg7 27. Bd1 Bh3 28. b3 Rfa8 29. Rab1 Nd7 30. Be2 Nf8 31. Bf1 Bc8 32. h4 R5a6 33. Ke1 Rb6 34. Kd2 Rb4 35. Kc2 Bd7 36. Bg2 Ra7 37. Kd2 Ra6 38. Kc3 Rab6 39. a5 Ra6 40. Ra1 Ra7 41. Kb2 Ra8 42. Rh1 Ra6 43. Ra3 Bc8 44. Bh3 Bxh3 45. Rxh3 Nd7 46. Rh1 Nf6 47. Rg1 Nh5 48. Ng4 Ng3 49. Re1 b6 50. axb6 Raxb6 51. Nf6 Kf7 52. Ra7+ Rb7 53. Rxb7+ Rxb7 54. Nxh7 Nh5 55. Ra1 Kg7 56. Nf6 Nxf6 57. gxf6+ Kxf6 58. Ra6 Rd7 59. b4 g5 60. bxc5 gxh4 61. cxd6 h3 62. c5 Rg7 63. d7+ Ke7 64. d6+ Kd8 65. Ra8+ Kxd7 66. Ra7+ 1-0

[Event "101st Irish Championship 2022"]
[Site "Dublin"]
[Date "2022.07.07"]
[Round "6.4"]
[White "Flynn, Jacob"]
[Black "Carroll, Peter"]
[Result "0-1"]
[ECO "E48"]
[WhiteElo "2199"]
[BlackElo "2116"]
[Annotator "RC"]
[PlyCount "104"]
[EventDate "2022.07.05"]
[EventType "swiss"]
[EventCountry "IRL"]
[SourceTitle "playchess.com"]
[Source "ChessBase"]
[SourceQuality "1"]
[TimeControl "40/6300+30:1800+30"]

1. d4 Nf6 2. Nf3 e6 3. c4 d5 4. Nc3 Bb4 5. cxd5 Qxd5 6. e3 O-O 7. Bd3 b6 8. O-O Bxc3 9. bxc3 Ba6 10. Bxa6 Nxa6 11. Qe2 Qb7 12. Nd2 c5 13. Ba3 Rfd8 14. Nc4 Rac8 15. Rfd1 Ne4 16. Rdc1 Nd6 17. Ne5 f6 18. Nf3 Ne4 19. c4 Rd7 20. Rab1 Rcd8 21. Qc2 Qc6 22. Qb3 g5 23. h3 h5 24. Qb5 Qb7 25. dxc5 Naxc5 26. Nd4 Qc7 27. Bxc5 Nxc5 28. Ra1 e5 29. Nf5 Rd2 30. Ng3 h4 31. Nf1 R2d3 32. Qb2 Qd7 33. Qe2 e4 34. Rcb1 Qf7 35. a4 Qxc4 36. a5 Nb3 37. Ra3 Nxa5 38. Rxd3 exd3 39. Qf3 Qe6 40. Nd2 Kg7 41. Rb4 Nc6 42. Rc4 Ne5 43. Qe4 Qd7 44. Rc3 a5 45. f4 Nf7 46. fxg5 Nxg5 47. Qxh4 b5 48. Qg3 Qd6 49. Qg4 Qe6 50. Qh5 Qxe3+ 51. Kf1 Qf4+ 52. Nf3 d2 0-1

[Event "101st Irish Championship 2022"]
[Site "Dublin"]
[Date "2022.07.07"]
[Round "6.5"]
[White "Li, Henry"]
[Black "Pang, Khai Jie Ryan"]
[Result "1-0"]
[ECO "C78"]
[WhiteElo "2319"]
[BlackElo "1841"]
[Annotator "RC"]
[PlyCount "81"]
[EventDate "2022.07.05"]
[EventType "swiss"]
[EventCountry "IRL"]
[SourceTitle "playchess.com"]
[Source "ChessBase"]
[SourceQuality "1"]
[TimeControl "40/6300+30:1800+30"]

1. e4 e5 2. Nf3 Nc6 3. Bb5 a6 4. Ba4 Nf6 5. O-O b5 6. Bb3 Bc5 7. a4 Rb8 8. c3 d6 9. d4 Bb6 10. a5 Ba7 11. Be3 Ra8 12. h3 O-O 13. Nbd2 h6 14. Qc2 Re8 15. dxe5 Nxe5 16. Nxe5 dxe5 17. Rfe1 Bxe3 18. Rxe3 c5 19. c4 b4 20. Ba4 Re6 21. Nb3 Qc7 22. Rd1 Bb7 23. f3 Qe7 24. Red3 Bc6 25. Bxc6 Rxc6 26. Qd2 Rcc8 27. Rd6 Nh5 28. Rd7 Qf6 29. Rd6 Qe7 30. Qf2 Nf4 31. Kh2 Ne6 32. R1d5 Nd4 33. Nxd4 cxd4 34. f4 Rxc4 35. Rd7 Qe8 36. fxe5 Rac8 37. Qf5 Rc2 38. Rxd4 b3 39. Rd3 Rxb2 40. e6 fxe6 41. Rxg7+ 1-0

[Event "101st Irish Championship 2022"]
[Site "Dublin"]
[Date "2022.07.07"]
[Round "6.6"]
[White "Venkatesan, Kavin"]
[Black "Kennedy, John"]
[Result "1/2-1/2"]
[ECO "D34"]
[WhiteElo "2076"]
[BlackElo "2047"]
[Annotator "RC"]
[PlyCount "230"]
[EventDate "2022.07.05"]
[EventType "swiss"]
[EventCountry "IRL"]
[SourceTitle "playchess.com"]
[Source "ChessBase"]
[SourceQuality "1"]
[TimeControl "40/6300+30:1800+30"]

1. d4 d5 2. c4 e6 3. Nc3 c5 4. cxd5 exd5 5. Nf3 Nc6 6. g3 Nf6 7. Bg2 Be7 8. O-O O-O 9. dxc5 Bxc5 10. a3 Be6 11. b4 Be7 12. Bb2 Rc8 13. Rc1 Re8 14. e3 h6 15. Qa4 a6 16. Rfd1 Qb6 17. Ne2 Bd7 18. Bxf6 Bxf6 19. Qb3 Be6 20. Ned4 Bg4 21. Qxd5 Nxd4 22. exd4 Rxc1 23. Rxc1 Bxf3 24. Bxf3 Bxd4 25. Qxb7 Bxf2+ 26. Kg2 Qxb7 27. Bxb7 Bd4 28. Bxa6 Bb2 29. Rb1 Bxa3 30. b5 Bc5 31. b6 Rb8 32. b7 Kf8 33. Rc1 Bd6 34. Kf3 Ke7 35. Ke4 Kd7 36. Kd5 Rd8 37. Rc8 Bb8 38. Bb5+ Ke7+ 39. Ke4 g6 40. Bc4 f5+ 41. Kf3 g5 42. Ke2 f4 43. g4 Kd7 44. Kf3 Ke7 45. h3 Ba7 46. Be2 Kd7 47. Bd3 Ke7 48. Be4 Kd7 49. Bf5+ Ke7 50. Ke2 Bb8 51. Kf2 Ba7+ 52. Kf3 Bb8 53. Ke2 Ba7 54. Ra8 Bb8 55. Bc8 Bd6 56. b8=Q Bxb8 57. Rxb8 Kd6 58. Ra8 f3+ 59. Kxf3 Kc7 60. Ra6 Rd3+ 61. Kg2 Kxc8 62. Rxh6 Kd7 63. Rh5 Rd5 64. h4 Rd2+ 65. Kf3 gxh4 66. Rxh4 Ke6 67. Kf4 Kf6 68. Rh6+ Kg7 69. Ra6 Rd4+ 70. Kg5 Rd5+ 71. Kh4 Rc5 72. Kg3 Rc3+ 73. Kf4 Rc4+ 74. Kg5 Rc5+ 75. Kh4 Rd5 76. Rb6 Rc5 77. Kg3 Rc3+ 78. Kf4 Rc4+ 79. Kg5 Rc5+ 80. Kh4 Rd5 81. Rc6 Rb5 82. Rc4 Kg6 83. Rc7 Rd5 84. Rc8 Rd1 85. Rc6+ Kg7 86. Kh5 Rd5+ 87. g5 Rd7 88. Rb6 Ra7 89. Rc6 Rb7 90. Rc5 Ra7 91. Re5 Rb7 92. Ra5 Rc7 93. Rb5 Ra7 94. Re5 Rb7 95. Ra5 Rc7 96. Ra6 Rb7 97. Ra1 Rc7 98. Rb1 Ra7 99. Re1 Rb7 100. Re5 Ra7 101. Rc5 Rb7 102. Re5 Ra7 103. g6 Rb7 104. Kg5 Ra7 105. Rd5 Rb7 106. Rc5 Ra7 107. Rb5 Rc7 108. Ra5 Rb7 109. Kf5 Rc7 110. Re5 Ra7 111. Rd5 Rb7 112. Kg5 Ra7 113. Rf5 Rb7 114. Rf7+ Rxf7 115. gxf7 Kxf7 1/2-1/2

[Event "101st Irish Championship 2022"]
[Site "Dublin"]
[Date "2022.07.07"]
[Round "6.7"]
[White "Keenan, Cathal"]
[Black "O'Connell, Gerard"]
[Result "1/2-1/2"]
[ECO "B51"]
[WhiteElo "1811"]
[BlackElo "2052"]
[Annotator "RC"]
[PlyCount "110"]
[EventDate "2022.07.05"]
[EventType "swiss"]
[EventCountry "IRL"]
[SourceTitle "playchess.com"]
[Source "ChessBase"]
[SourceQuality "1"]
[TimeControl "40/6300+30:1800+30"]

1. e4 c5 2. Nf3 d6 3. Bb5+ Nd7 4. c3 a6 5. Ba4 b5 6. Bc2 e5 7. O-O Bb7 8. d4 Be7 9. Re1 Ngf6 10. Nbd2 O-O 11. Nf1 Re8 12. Ng3 g6 13. Bg5 Qc7 14. d5 c4 15. Qd2 Nc5 16. Nh4 Bc8 17. Rf1 Ra7 18. f4 Ng4 19. f5 Qd8 20. Nf3 Bxg5 21. Nxg5 h6 22. Nf3 Kg7 23. h3 Nf6 24. Nh2 Rg8 25. Rf3 g5 26. Ng4 Nxg4 27. hxg4 f6 28. b4 cxb3 29. axb3 Qb6 30. Kh2 Bd7 31. Ne2 a5 32. Nc1 Rga8 33. Rf1 b4 34. cxb4 axb4 35. Rxa7 Rxa7 36. Re1 Ra1 37. Nd3 Rxe1 38. Qxe1 Nxd3 39. Bxd3 Qd4 40. Bc4 Qc3 41. Qf2 Qd4 42. Qxd4 exd4 43. Kg1 Kf8 44. Kf2 Ke7 45. Ke2 Kd8 46. Kd3 Kc7 47. Kxd4 Kb6 48. Bd3 Be8 49. Be2 Bd7 50. Bf3 Bb5 51. Bd1 Ba6 52. Bf3 Bf1 53. g3 Bb5 54. Bd1 Ba6 55. Bf3 Bb5 1/2-1/2

[Event "101st Irish Championship 2022"]
[Site "Dublin"]
[Date "2022.07.07"]
[Round "6.8"]
[White "Goss, Alex"]
[Black "Cafolla, Peter"]
[Result "1/2-1/2"]
[ECO "A53"]
[WhiteElo "1859"]
[BlackElo "1937"]
[Annotator "TA"]
[PlyCount "85"]
[EventDate "2022.07.05"]
[EventType "swiss"]
[EventCountry "IRL"]
[SourceTitle "playchess.com"]
[Source "ChessBase"]
[SourceQuality "1"]
[TimeControl "40/6300+30:1800+30"]

1. d4 Nf6 2. Nf3 d6 3. c4 c5 4. dxc5 Qa5+ 5. Nc3 Qxc5 6. e3 {[%emt 0:08:36] A53: Old Indian Defence without Nf3.} g6 7. Be2 Bg7 8. O-O {[%emt 0:00:15] White is slightly better.} O-O 9. e4 Nc6 10. Be3 Qa5 11. h3 {[%emt 0:01:16] Against Ng4} Nd7 12. Nd4 $1 a6 {[%emt 0:11:37] [#]} 13. Nd5 $146 {[%emt 0:03:57] Strongly threatening Nxc6.} ({Predecessor:} 13. Qd2 Qd8 14. Rab1 Nc5 15. a3 Ne6 16. Nxc6 bxc6 17. b4 {1-0 (52) Evans,H (115)-Gordon,P (109) Torquay 2018}) 13... Qd8 14. Rc1 Nc5 15. f3 e6 {[%emt 0:08:11] aiming for ...Nxd4.} 16. Nc3 Qe7 17. Qd2 Bd7 (17... Bxd4 $14 18. Bxd4 Nxd4 19. Qxd4 e5) 18. Rfd1 (18. Nc2 $16) 18... Rad8 {[%emt 0:01:48] [#]} ({Better is} 18... Nb4 $14) 19. Nc2 $1 $16 Bc8 20. b4 Nd7 21. b5 Ncb8 22. Na4 Nc5 23. Nxc5 dxc5 24. Qa5 Nd7 25. b6 (25. bxa6 $16 {Hoping for a7.} bxa6 26. Rd2) 25... f5 $11 26. Ne1 fxe4 27. fxe4 Bd4 (27... Qh4 $11) 28. Bxd4 $16 cxd4 29. Rxd4 e5 30. Rd5 (30. Qd5+ $2 Kh8 31. Rd3 Nc5 $19) 30... Qg5 31. Rc3 {[%emt 0:01:53] And now Rcd3 would win. Active counter play!} Nf6 (31... Qh4 $16 32. Rf3 Qxe4) 32. Nf3 $2 ({And not} 32. Rxe5 Qd2 33. Rc2 Qe3+ 34. Kh2 (34. Kh1 Nxe4 35. Bf3 Rxf3 $17) 34... Nxe4 $11) (32. Rxd8 $18 Rxd8 33. Nf3) 32... Qg3 $2 (32... Rxd5 $1 $11 33. cxd5 (33. Nxg5 $2 {perishes.} Rxa5 34. Bd3 Rc5 $19) 33... Qg3) 33. Rxd8 $18 Rxd8 34. Qxe5 Qxe5 35. Nxe5 {[%emt 0:00:06] c5 is the strong threat.} Nxe4 36. Re3 Nc5 37. Nd3 Na4 38. Nf4 (38. c5 $16) 38... Nxb6 {[%emt 0:01:23] [#]} 39. Nd5 (39. Re7 $1 $16) 39... Nxd5 $11 40. cxd5 Kf8 {[%emt 0:01:36] Prevents Re7.} 41. Bc4 b5 42. Bb3 Bb7 43. Re6 {[%emt 0:04:45] Weighted Error Value: White=0.28 (precise) /Black=0.23 (precise)} 1/2-1/2

[Event "101st Irish Championship 2022"]
[Site "Dublin"]
[Date "2022.07.07"]
[Round "6.9"]
[White "Mats, Diana"]
[Black "O`Gorman, Alice"]
[Result "1-0"]
[ECO "B50"]
[WhiteElo "2028"]
[BlackElo "2043"]
[Annotator "NA RC"]
[PlyCount "55"]
[EventDate "2022.07.05"]
[EventType "swiss"]
[EventCountry "IRL"]
[SourceTitle "playchess.com"]
[Source "ChessBase"]
[SourceQuality "1"]
[TimeControl "40/6300+30:1800+30"]

1. e4 c5 2. Nf3 d6 3. c3 Nf6 4. h3 Nc6 5. Bd3 e5 6. Bc2 g6 7. d4 cxd4 8. cxd4 exd4 9. Nxd4 Bg7 10. Be3 O-O 11. Nc3 d5 12. O-O Nb4 13. e5 Nxc2 14. Qxc2 Nd7 15. f4 Nb6 16. Bf2 Re8 17. Ncb5 Rf8 18. a4 a6 19. Nc7 Rb8 20. Qc5 Nc4 21. Nxd5 Nd2 22. Rfe1 Kh8 23. Nb6 Bh6 24. Rad1 Bxf4 25. Nb3 Bxh3 26. Qc3 Bxg2 27. e6+ Kg8 28. e7 1-0

[Event "101st Irish Championship 2022"]
[Site "Dublin"]
[Date "2022.07.07"]
[Round "6.10"]
[White "Liu, Jason"]
[Black "Doyle, Anthony"]
[Result "1-0"]
[ECO "C29"]
[WhiteElo "1746"]
[BlackElo "2116"]
[Annotator "NA"]
[PlyCount "73"]
[EventDate "2022.07.05"]
[EventType "swiss"]
[EventCountry "IRL"]
[SourceTitle "playchess.com"]
[Source "ChessBase"]
[SourceQuality "1"]
[TimeControl "40/6300+30:1800+30"]

1. e4 e5 2. Nc3 Nf6 3. f4 d5 4. fxe5 Nxe4 5. Qf3 Nxc3 6. bxc3 Be7 7. d4 Be6 8. Bd3 c5 9. Ne2 c4 10. Bf5 Bxf5 11. Qxf5 Qd7 12. Qxd7+ Kxd7 13. O-O Rf8 14. Nf4 Kc6 15. Nh5 f6 16. exf6 gxf6 17. Re1 Rf7 18. Bf4 Na6 19. Re6+ Kd7 20. Rae1 Rc8 21. Nxf6+ Rxf6 22. Rxe7+ Kc6 23. R7e6+ Rxe6 24. Rxe6+ Kb5 25. Re7 Ka4 26. Rxb7 Ka3 27. Rb5 Rc6 28. Kf2 Re6 29. Be5 Kxa2 30. Ke2 Nc7 31. Ra5+ Kb2 32. Kd2 Ne8 33. Rb5+ Ka2 34. Ra5+ Kb2 35. Rxa7 Nf6 36. Rb7+ Ka2 37. Kc1 1-0

[Event "101st Irish Championship 2022"]
[Site "Dublin"]
[Date "2022.07.08"]
[Round "7.1"]
[White "Kanyamarala, Tarun"]
[Black "O`cuilleanain, Oisin"]
[Result "1-0"]
[ECO "E48"]
[WhiteElo "2379"]
[BlackElo "1936"]
[Annotator "RC"]
[PlyCount "57"]
[EventDate "2022.07.05"]
[EventType "swiss"]
[EventCountry "IRL"]
[SourceTitle "playchess.com"]
[Source "ChessBase"]
[SourceQuality "1"]
[TimeControl "40/6300+30:1800+30"]

1. d4 Nf6 2. c4 e6 3. Nc3 Bb4 4. e3 O-O 5. Bd3 c5 6. Nge2 d5 7. cxd5 cxd4 8. exd4 Nxd5 9. O-O Nc6 10. a3 Bd6 11. Re1 b6 12. Nxd5 exd5 13. Bxh7+ Kxh7 14. Qc2+ g6 15. Qxc6 Be6 16. Bf4 Be7 17. Nc3 Rc8 18. Qb7 Bd6 19. Rxe6 Bxf4 20. Re7 Kg7 21. Rd7 Qf6 22. Qxd5 Bxh2+ 23. Kxh2 Qxf2 24. Qe5+ Kh7 25. Qe2 Qh4+ 26. Kg1 Rce8 27. Qf2 Qg4 28. Rxf7+ Kg8 29. Rf1 1-0

[Event "101st Irish Championship 2022"]
[Site "Dublin"]
[Date "2022.07.08"]
[Round "7.2"]
[White "Carroll, Peter"]
[Black "O`Gorman, Tom"]
[Result "1/2-1/2"]
[ECO "C47"]
[WhiteElo "2116"]
[BlackElo "2401"]
[Annotator "RC"]
[PlyCount "57"]
[EventDate "2022.07.05"]
[EventType "swiss"]
[EventCountry "IRL"]
[SourceTitle "playchess.com"]
[Source "ChessBase"]
[SourceQuality "1"]
[TimeControl "40/6300+30:1800+30"]

1. e4 e5 2. Nf3 Nc6 3. Nc3 Nf6 4. d4 exd4 5. Nxd4 Bb4 6. Nxc6 bxc6 7. Bd3 d5 8. exd5 O-O 9. O-O cxd5 10. Bg5 c6 11. Qf3 h6 12. Bxf6 Qxf6 13. Qxf6 gxf6 14. Ne2 Re8 15. Nd4 Bd7 16. Bf5 Bxf5 17. Nxf5 Re2 18. Nd4 Rd2 19. Rad1 Rxd1 20. Rxd1 Rc8 21. c3 Bc5 22. Kf1 Kf8 23. Ke2 Ke7 24. Kf1 Kf8 25. Ke2 Ke7 26. Kd3 Bxd4 27. cxd4 Kd6 28. Rc1 Rb8 29. Rd1 1/2-1/2

[Event "101st Irish Championship 2022"]
[Site "Dublin"]
[Date "2022.07.08"]
[Round "7.3"]
[White "O`Donnell, Conor"]
[Black "Li, Henry"]
[Result "1/2-1/2"]
[ECO "E76"]
[WhiteElo "2269"]
[BlackElo "2319"]
[Annotator "RC"]
[PlyCount "95"]
[EventDate "2022.07.05"]
[EventType "swiss"]
[EventCountry "IRL"]
[SourceTitle "playchess.com"]
[Source "ChessBase"]
[SourceQuality "1"]
[TimeControl "40/6300+30:1800+30"]

1. d4 Nf6 2. c4 g6 3. Nc3 Bg7 4. e4 d6 5. f4 O-O 6. Nf3 e5 7. fxe5 dxe5 8. d5 Na6 9. Bd3 Nc5 10. O-O Qe7 11. Bc2 a5 12. Bg5 h6 13. Be3 Ng4 14. Bc1 f5 15. Qe2 f4 16. b3 g5 17. h3 Nf6 18. Ba3 Bd7 19. Nb5 Ne8 20. Ne1 b6 21. Nd3 Rf7 22. Bd1 Bf8 23. Nxc5 bxc5 24. Rc1 Rg7 25. Rc3 g4 26. hxg4 Nf6 27. Qe1 Bxg4 28. Bxg4 Nxg4 29. Qd2 Ne3 30. Rxe3 fxe3 31. Qxe3 Ra6 32. d6 cxd6 33. Nc3 Rf7 34. Re1 Qg5 35. Qh3 Raa7 36. Bc1 Qg6 37. Re3 Rg7 38. Nd5 Raf7 39. Bd2 a4 40. bxa4 Qg4 41. Qxg4 Rxg4 42. Ba5 Be7 43. Bb6 Bh4 44. Re2 Bg3 45. Bd8 Rb7 46. Bb6 Rf7 47. Bd8 Rb7 48. Bb6 1/2-1/2

[Event "101st Irish Championship 2022"]
[Site "Dublin"]
[Date "2022.07.08"]
[Round "7.4"]
[White "Daly, Colm"]
[Black "Baburin, Alexander"]
[Result "1/2-1/2"]
[ECO "B30"]
[WhiteElo "2190"]
[BlackElo "2400"]
[Annotator "RC"]
[PlyCount "154"]
[EventDate "2022.07.05"]
[EventType "swiss"]
[EventCountry "IRL"]
[SourceTitle "playchess.com"]
[Source "ChessBase"]
[SourceQuality "1"]
[TimeControl "40/6300+30:1800+30"]

1. e4 c5 2. Nf3 g6 3. Be2 Bg7 4. O-O Nf6 5. d3 O-O 6. c3 Nc6 7. Nbd2 d5 8. e5 Ne8 9. d4 cxd4 10. cxd4 Nc7 11. Re1 f6 12. exf6 exf6 13. Nb3 Qd6 14. Bd2 b6 15. Rc1 Bd7 16. a3 Rfe8 17. h3 Rac8 18. Rc3 Ne6 19. Ba6 Rcd8 20. Qc1 f5 21. Bb5 Nexd4 22. Nfxd4 Rxe1+ 23. Bxe1 Nxd4 24. Nxd4 Bxd4 25. Rd3 Qc5 26. Qd1 Bxb5 27. Rxd4 Qe7 28. Rxd5 Rd7 29. Bb4 Qe6 30. Rxd7 Bxd7 31. Bc3 Kf7 32. Qd4 h5 33. f3 Ke7 34. Qg7+ Qf7 35. Qe5+ Kd8 36. Qb8+ Bc8 37. Qd6+ Bd7 38. Bf6+ Kc8 39. Be5 Kb7 40. Kh2 Ka6 41. h4 Qe6 42. Qd4 Bc6 43. Kg3 Kb7 44. Bf4 Qe1+ 45. Kh3 Qh1+ 46. Bh2 f4 47. Qd6 a5 48. Qxf4 Bd7+ 49. g4 Qf1+ 50. Kg3 Qe1+ 51. Kg2 Qe2+ 52. Kg3 Bc6 53. gxh5 gxh5 54. Qf7+ Ka6 55. Qxh5 Qxb2 56. Qf5 Qxa3 57. h5 Qe3 58. Qf6 Qe1+ 59. Kg4 Bd7+ 60. Kg5 Qd2+ 61. Bf4 Qg2+ 62. Kh6 Qxf3 63. Qe5 Qg4 64. Qb8 Bc6 65. Qd6 Bf3 66. Qe5 a4 67. Bc1 Qxh5+ 68. Qxh5 Bxh5 69. Kxh5 Kb5 70. Kg4 Kc4 71. Kf3 Kd3 72. Ba3 b5 73. Be7 Kc3 74. Ke2 Kb3 75. Kd2 a3 76. Kc1 b4 77. Kb1 Ka4 1/2-1/2

[Event "101st Irish Championship 2022"]
[Site "Dublin"]
[Date "2022.07.08"]
[Round "7.5"]
[White "Kennedy, John"]
[Black "Flynn, Jacob"]
[Result "0-1"]
[ECO "A04"]
[WhiteElo "2047"]
[BlackElo "2199"]
[Annotator "RC"]
[PlyCount "80"]
[EventDate "2022.07.05"]
[EventType "swiss"]
[EventCountry "IRL"]
[SourceTitle "playchess.com"]
[Source "ChessBase"]
[SourceQuality "1"]
[TimeControl "40/6300+30:1800+30"]

1. Nf3 Nf6 2. g3 c5 3. Bg2 Nc6 4. d4 cxd4 5. Nxd4 e5 6. Nxc6 bxc6 7. O-O Rb8 8. c4 h5 9. h4 Be7 10. Nc3 Ng4 11. Ne4 d5 12. cxd5 cxd5 13. Ng5 f6 14. Nh3 Be6 15. Qc2 Kf7 16. Rd1 Qa5 17. e4 d4 18. Bf1 Rhc8 19. Qe2 Bc4 20. Qf3 g6 21. Bd2 Qb5 22. Bxc4+ Rxc4 23. Rab1 Rc2 24. b4 Rbc8 25. a4 Qxa4 26. Qd3 Qc6 27. f3 Ne3 28. Bxe3 Rc3 29. Qd2 Rxe3 30. Rbc1 Rc3 31. Rxc3 Qxc3 32. Qa2+ Qc4 33. Qxa7 Qe2 34. Nf2 Rc2 35. Rf1 Qxf3 36. Qd7 Qxg3+ 37. Kh1 Rxf2 38. Rxf2 Qxf2 39. b5 Qxh4+ 40. Kg1 Qg4+ 0-1

[Event "101st Irish Championship 2022"]
[Site "Dublin"]
[Date "2022.07.08"]
[Round "7.6"]
[White "Cafolla, Peter"]
[Black "Venkatesan, Kavin"]
[Result "1/2-1/2"]
[ECO "B52"]
[WhiteElo "1937"]
[BlackElo "2076"]
[Annotator "NA RC"]
[PlyCount "56"]
[EventDate "2022.07.05"]
[EventType "swiss"]
[EventCountry "IRL"]
[SourceTitle "playchess.com"]
[Source "ChessBase"]
[SourceQuality "1"]
[TimeControl "40/6300+30:1800+30"]

1. e4 c5 2. Nf3 d6 3. Bb5+ Bd7 4. Bxd7+ Qxd7 5. O-O Nf6 6. Re1 Nc6 7. d4 cxd4 8. Nxd4 g6 9. c4 Bg7 10. Nc3 O-O 11. f3 Rac8 12. Be3 Nxd4 13. Bxd4 Rxc4 14. Bxa7 b5 15. Bf2 Qc6 16. Nd5 Nxd5 17. exd5 Qb7 18. b3 Rf4 19. Rc1 Rf5 20. Rc6 e6 21. Rxd6 Rxd5 22. Rxd5 exd5 23. Bd4 Bxd4+ 24. Qxd4 Qc6 25. Rd1 Rd8 26. Re1 Re8 27. Rxe8+ Qxe8 28. Kf2 Qc6 1/2-1/2